AoeStats
← DKing

Arena

509641598Analyzed
4v4 RM · 4d ago on Sep 27, 2026· 22m 51s· 8 players
Game mode
Random Map
Map size
Large (8 player)
Population
200
Speed
Normal
Resources
Standard
Victory
Conquest
Starting age
Dark Age
Ending age
Imperial Age
RankedLock teamsTeams togetherTeam positionsShared explorationLock speedFull tech treeHidden civsTurbo modeCheats
Victory
Defeat
🇬🇧 Khmer · United Kingdom
1352
+13
🇵🇪 Malians · Peru
1341
+14
🇺🇸 Magyars · United States
1305
+15
🇺🇸 Vikings · United States
1243
+19
🇨🇳 Inca · China
1346
-17
🇨🇳 Danes · China
1306
-16
🇨🇳 Japanese · China
1276
-15
🇵🇹 Goths · Portugal
1245
-13
DKing
4:17 Loom
11:22 Feudal Age
12:50 Double-Bit Axe
15:06 Castle Age
13:06 Horse Collar
16:56 Bow Saw
16:58 Heavy Plow
chase kong
9:50 Feudal Age
10:48 Double-Bit Axe
13:43 Castle Age
12:46 Scale Mail Armor
12:57 Forging
12:34 Horse Collar
1722767622
11:37 Feudal Age
11:40 Loom
15:24 Castle Age
13:45 Double-Bit Axe
13:43 Horse Collar
15:51 Gold Mining
15:54 Loom
17:43 Wheelbarrow
17:22 Bow Saw
Noroad
12:05 Feudal Age
12:57 Double-Bit Axe
12:52 Horse Collar
15:56 Castle Age
16:58 Bow Saw
Louisianamal
10:19 Feudal Age
11:09 Double-Bit Axe
11:41 Horse Collar
12:31 Bloodlines
15:37 Scale Barding Armor
19:19 Loom
20:14 Wheelbarrow
20:58 Gold Mining
23:35 Castle Age
Slayer
10:12 Feudal Age
13:52 Castle Age
12:18 Double-Bit Axe
12:14 Horse Collar
15:37 Loom
19:28 Bow Saw
23:06 Scale Mail Armor
23:16 Forging
Gbeto Supastar
9:52 Feudal Age
12:39 Castle Age
11:56 Loom
Joestar
10:15 Feudal Age
13:51 Castle Age
12:18 Double-Bit Axe
13:40 Loom
Connection lost

Rejoining the realm…

Still unreachable

The connection could not be restored.

Session expired

The server has moved on; the page needs a fresh start.